AoeStats
← Runxi24

QS Arena

503353281Analyzed
2v2 RM · 1mo ago on Aug 31, 2026· 31m 18s· 4 players
Game mode
Random Map
Map size
Medium (4 player)
Population
200
Speed
Normal
Resources
Standard
Victory
Conquest
Starting age
Dark Age
Ending age
Imperial Age
RankedLock teamsTeams togetherTeam positionsShared explorationLock speedFull tech treeHidden civsTurbo modeCheats
Victory
Defeat
🇳🇿 Franks · New Zealand
1159
+17
🇳🇿 Muisca · New Zealand
1133
+18
🇪🇸 Poles · Spain
1206
-19
🇳🇴 Persians · Norway
1165
-17
PIGGI A MAND!!!
4:58 Loom
8:28 Feudal Age
8:50 Double-Bit Axe
14:10 Castle Age
12:41 Horse Collar
14:34 Pikeman
22:10 Heavy Plow
23:04 Bow Saw
26:29 Imperial Age
24:48 Gold Mining
25:45 Wheelbarrow
25:37 Forging
25:42 Scale Mail Armor
25:43 Town Watch
27:17 Squires
27:50 Halberdier
29:57 Theocracy
Runxi24
7:20 Feudal Age
8:23 Loom
12:50 Double-Bit Axe
17:17 Castle Age
16:53 Horse Collar
22:56 Szlachta Privileges
25:07 Scale Barding Armor
30:36 Imperial Age
29:26 Wheelbarrow
29:34 Wheelbarrow
29:11 Bow Saw
29:04 Heavy Plow
28:30 Crossbowman
29:16 Fletching
30:08 Thumb Ring
31:19 Bodkin Arrow
Denoxs
2:46 Loom
8:36 Feudal Age
13:03 Castle Age
11:14 Double-Bit Axe
14:47 Bow Saw
16:17 Wheelbarrow
20:23 Hand Cart
19:59 Town Watch
26:49 Imperial Age
24:43 Forging
24:38 Scale Barding Armor
26:13 Iron Casting
25:29 Fletching
25:52 Town Patrol
25:50 Gold Mining
25:54 Stone Mining
26:14 Husbandry
26:36 Chain Barding Armor
26:30 Padded Archer Armor
28:43 Blast Furnace
27:10 Cavalier
29:11 Bodkin Arrow
29:57 Plate Barding Armor
29:58 Conscription
31:04 Bodkin Arrow
31:08 Murder Holes
peakdefied
8:07 Feudal Age
11:57 Castle Age
15:09 Double-Bit Axe
26:36 Imperial Age
25:34 Scale Mail Armor
27:39 Chain Mail Armor
27:34 Forging
29:16 Plate Mail Armor
28:58 Squires
Connection lost

Rejoining the realm…

Still unreachable

The connection could not be restored.

Session expired

The server has moved on; the page needs a fresh start.